 Dungeon Crawl Stone Soup version 0.31-a0-358-gac0dbeb3ab (webtiles) character file.

Game seed: 14907419057458830029

1000 Locuples the Slasher (level 8, 0/70 HPs)
             Began as a Minotaur Monk on July 26, 2023.
             Slain by a gnoll
             ... wielding a +0 flail
             ... led by a gnoll sergeant
              (2 damage)
             ... on level 5 of the Dungeon.
             The game lasted 00:10:22 (4445 turns).

Locuples the Slasher (Minotaur Monk)                Turns: 4445, Time: 00:10:23

Health: 0/70       AC: 10    Str: 18    XL:     8   Next: 0%
Magic:  7/7        EV: 12    Int:  7    God:
Gold:   272        SH:  0    Dex: 13    Spells: 7/7 levels left

rFire   . . .        a - +0 falchion
rCold   . . .        (no shield)
rNeg    . . .        f - +0 ring mail
rPois   .            (helmet restricted)
rElec   .            v - +0 cloak
rCorr   .            p - +0 pair of gloves
SInv    .            m - +0 pair of boots
Will    .....        (no amulet)
Stlth   +            (no ring)
HPRegen 0.31/turn    (no ring)
MPRegen 0.10/turn

%: no passive effects
@: no status effects
A: horns 2, retaliatory headbutt
a: no special abilities


You were on level 5 of the Dungeon.
You visited 1 branch of the dungeon, and saw 5 of its levels.

You collected 272 gold pieces.

Inventory:

Hand Weapons
 a - a +0 falchion (weapon)
Armour
 f - a +0 ring mail (worn)
 m - a +0 pair of boots (worn)
 p - a +0 pair of gloves (worn)
 v - a +0 cloak (worn)
Wands
 o - a wand of charming (9)
 r - a wand of iceblast (7)
 x - a wand of flame (24)
 y - a wand of digging (9)
Scrolls
 b - a scroll of vulnerability {unknown}
 c - 2 scrolls of enchant weapon {unknown}
 d - 3 scrolls of identify {unknown}
 e - a scroll of teleportation {unknown}
 g - a scroll of noise {unknown}
 i - a scroll of fog {unknown}
 k - a scroll of revelation {unknown}
 t - a scroll of immolation {unknown}
 w - a scroll of blinking {unknown}
Potions
 h - 3 potions of heal wounds {unknown}
 j - 3 potions of lignification {unknown}
 l - a potion of cancellation {unknown}
 n - 3 potions of haste {unknown}
 q - a potion of invisibility {unknown}
 s - a potion of brilliance {unknown}
 u - a potion of ambrosia


   Skills:
 + Level 5.7 Fighting
 + Level 6.9 Long Blades
 * Level 6.8 Armour
 + Level 5.0 Dodging


You had 7 spell levels left.
You didn't know any spells.
Your spell library contained the following spells:

 Spells                   Type           Power      Damage    Failure   Level
 Freeze                   Ice            0%         1d3       61%         1
 Frozen Ramparts          Ice            0%         1d1       93%         3
 Gell's Gravitas          Tloc           0%         N/A       93%         3
 Hailstorm                Conj/Ice       0%         3d3       93%         3
 Teleport Other           Tloc           0%         N/A       93%         3
 Dispersal                Tloc           0%         N/A       100%        6


Dungeon Overview and Level Annotations

Branches:
Dungeon (5/15)
 Temple: D:4-7

Altars:
The Shining One

Shops:
D:4 =


Innate Abilities, Weirdness & Mutations

You have a pair of horns on your head.
You reflexively headbutt those who attack you in melee.


Message History

The gnoll sergeant is heavily wounded.
The gnoll sergeant hits you with a +0 trident.
* * * LOW HITPOINT WARNING * * *
You barely miss the gnoll sergeant. Your punch misses the gnoll sergeant.
The gnoll sergeant is heavily wounded.
The gnoll sergeant hits you but does no damage.
You closely miss the gnoll sergeant.
The gnoll sergeant is heavily wounded.
The gnoll sergeant hits you with a +0 trident.
* * * LOW HITPOINT WARNING * * *
The gnoll sergeant blocks your attack.
The gnoll sergeant is heavily wounded.
The gnoll sergeant hits you but does no damage.
You hit the gnoll sergeant.
The gnoll sergeant is severely wounded.
The gnoll sergeant hits you with a +0 trident!
* * * LOW HITPOINT WARNING * * *
You hit the gnoll sergeant but do no damage.
The gnoll sergeant is severely wounded.
The gnoll sergeant misses you. You furiously retaliate!
You headbutt the gnoll sergeant!
You kill the gnoll sergeant!
You hit the gnoll.
The gnoll is moderately wounded.
The gnoll hits you with a +0 club.
* * * LOW HITPOINT WARNING * * *
You hit the gnoll.
The gnoll is heavily wounded.
The gnoll barely misses you.
You hit the gnoll. You headbutt the gnoll.
The gnoll is severely wounded.
The gnoll hits you but does no damage.
You closely miss the gnoll. You headbutt the gnoll.
You kill the gnoll!
You have reached level 8!
You feel stronger.
You hit the gnoll.
The gnoll is moderately wounded.
The gnoll hits you with a +0 flail.
You die...

#.# #.###########
. . #.##.........
.#. #.##.########
... #.##.### #.#
#......# #.#
#......# #g#
.......# #g#
.......# #@#
##.....# #.#
####### #.# #.#
######## #.#
.......#########.#
######...........#
#############


You could see 2 gnolls.

Vanquished Creatures
  Sigmund (D:2)
  A water moccasin (D:5)
  2 black bears (D:5)
  Blork the orc (D:4)
  A gnoll sergeant (D:5)
  4 hounds
  A gnoll bouda (D:4)
  2 iguanas (D:5)
  4 gnolls
  7 adders
  2 white imps
  3 worms
  A dart slug (D:4)
  6 orcs (D:3)
  8 bats
  15 endoplasms
  5 giant cockroaches
  10 hobgoblins
  6 jackals
  5 kobolds
  5 quokkas
  10 ball pythons
  3 frilled lizards
  10 goblins
  5 rats
118 creatures vanquished.

Notes
Turn   | Place    | Note
-------+----------+-------------------------------------------
     0 | D:1      | Locuples the Minotaur Monk began the quest for the Orb.
     0 | D:1      | Reached XP level 1. HP: 19/19 MP: 0/0
   185 | D:1      | Reached XP level 2. HP: 27/27 MP: 1/1
   218 | D:1      | Reached skill level 1 in Armour
   338 | D:1      | Reached XP level 3. HP: 32/33 MP: 2/2
   528 | D:1      | You fall into a shaft and drop 1 floor!
   579 | D:2      | Noticed Sigmund
   591 | D:2      | Killed Sigmund
   592 | D:2      | Reached XP level 4. HP: 32/41 MP: 3/3
   592 | D:2      | Reached XP level 5. HP: 36/47 MP: 4/4
   648 | D:2      | Reached skill level 5 in Long Blades
  1007 | D:2      | Found a faded altar of an unknown god.
  1500 | D:3      | Found a transporter.
  1501 | D:3      | Found a transporter.
  1524 | D:3      | Found a glowing golden altar of the Shining One.
  1534 | D:3      | Reached XP level 6. HP: 12/55 MP: 5/5
  3092 | D:4      | Noticed Blork the orc
  3097 | D:4      | Reached skill level 5 in Fighting
  3103 | D:4      | Killed Blork the orc
  3212 | D:4      | Found Pafegazu's Jewellery Shop.
  3362 | D:4      | Reached skill level 5 in Armour
  3527 | D:4      | Reached XP level 7. HP: 56/61 MP: 6/6
  3758 | D:5      | Entered Level 5 of the Dungeon
  4295 | D:5      | Reached skill level 5 in Dodging
  4441 | D:5      | HP: 1/62 [gnoll/+0 club[a gnoll sergeant] (6)]
  4445 | D:5      | Reached XP level 8. HP: 2/70 MP: 7/7
  4445 | D:5      | Slain by a gnoll

Illustrated notes

Levels and vault maps discovered:
D:1:      minmay_arrival_nine_rooms, layout_loops_ring
D:2:      layout_basic, hellmonk_ecumenical_altar_leap_of_faith, uniq_sigmund
D:3:      layout_basic, gammafunk_temple_overflow_arena,
          dreamdust_mushroom_princess, kennysheep_another_room
D:4:      minmay_general_purpose_star, layout_gridville, nicolae_stop_n_shop_2,
          grunt_decor_arrowhead, kennysheep_generic_room_12, uniq_blork_the_orc
D:5:      layout_loops_ring, uniq_pikel

Skill      XL: |  1  2  3  4  5  6  7 |
---------------+----------------------+-----
Armour         | 1 3 5 6 |  6.8
Fighting       | 4 5 |  5.7
Long Blades    | 4 5 6 |  6.9
Dodging        | 4 5 |  5.0

Action                     |  1- 3 |  4- 6 |  7- 9 || total
---------------------------+-------+-------+-------++-------
  Melee: Falchion          |    83 |   180 |    83 ||   346
         Headbutt          |    10 |    47 |    12 ||    69
         Punch             |     2 |     5 |       ||     7
    Use: Potion            |       |       |     1 ||     1
 Armour: Ring mail         |    32 |    55 |    42 ||   129
  Dodge: Dodged            |    61 |    95 |    55 ||   211

Table legend: (Time is in decaauts)
 A = Elapsed time spent in this place.
 B = Non-inter-level travel time spent in this place.
 C = Inter-level travel time spent in this place.
 D = Time resting spent in this place.
 E = Time spent auto-exploring this place.
 F = Levels seen in this place.
 G = Mean time per level.
                   A        B        C        D        E       F      G
               +--------+--------+--------+--------+--------+-----+--------+
         Total |   4457 |   4245 |    212 |    601 |   2623 |   5 |  891.4 |
       Dungeon |   4457 |   4245 |    212 |    601 |   2623 |   5 |  891.4 |
               +--------+--------+--------+--------+--------+-----+--------+

Top non-repeatable levels by time:
     D:3: 1484 daAuts
     D:4: 919 daAuts
     D:1: 804 daAuts
     D:5: 685 daAuts
     D:2: 564 daAuts
